 Dungeon Crawl Stone Soup version 0.24-a0-584-g9d6b971 (webtiles) character file.

Game seed: 11578172296892456469, levelgen mode: deterministic

3677037 beep the Formicid Blade (level 27, 259/259 HPs)
             Began as a Formicid Fighter on Sept 4, 2019.
             Was the Champion of Okawaru.
             Escaped with the Orb
             ... and 5 runes on Sept 5, 2019!
             The game lasted 03:08:22 (58371 turns).

beep the Formicid Blade (Formicid Fighter)         Turns: 58371, Time: 03:08:22

Health: 259/259    AC: 44    Str: 31    XL:     27
Magic:  34/34      EV: 19    Int:  8    God:    Okawaru [******]
Gold:   3253       SH: 36    Dex: 15    Spells: 26/26 levels left

rFire    + + .     SeeInvis +   a - +9 triple sword (vamp)
rCold    + + .     Gourm    .   P - +9 large shield of the Enchanted Forest {rElec Str+3}
rNeg     . . .     Faith    .   A - +8 gold dragon scales
rPois    +         Spirit   +   (helmet unavailable)
rElec    +         Reflect  +   R - scarf {Spirit}
rCorr    .         Harm     .   Y - +0 pair of gloves of the Unseen Realm {rElec rPois MR+++ Int-4}
MR       +++++                  y - +1 pair of boots of the Unseen Realm {rF+ Int+3 Slay+5}
Stlth    ..........             S - +4 amulet of reflection
HPRegen  0.53/turn              H - ring of protection from cold
MPRegen  0.24/turn              J - +5 ring of protection

@: lightly drained
A: permanent stasis, dig shafts and tunnels, four strong arms, antennae 3,
hooves 1, icy blue scales 1, deterioration 1, mutation resistance 1, poison
resistance, robust 1, screaming 1, no potion heal 1
0: Orb of Zot
}: 5/15 runes: serpentine, barnacled, slimy, silver, abyssal
a: Dig, Shaft Self, Heroism, Finesse, Renounce Religion


You escaped.
You worshipped Okawaru.
Okawaru was exalted by your worship.
You were very full.

You visited 12 branches of the dungeon, and saw 56 of its levels.
You visited the Abyss 1 time.
You also visited: Trove, Bailey, Volcano and Wizlab.

You collected 9215 gold pieces.
You spent 5962 gold pieces at shops.

Inventory:

Hand Weapons
 a - a +9 vampiric triple sword (weapon)
 b - a +9 triple sword of freezing
 c - the +2 Maxwell's thermic engine {flame, freeze}
   (You found it on level 5 of the Depths)

   It has been specially enchanted to burn those struck by it, causing extra
   injury to most foes and up to half again as much damage against particularly
   susceptible opponents.
   Big, fiery blades are also staple armaments of hydra-hunters.
   It has been specially enchanted to freeze those struck by it, causing extra
   injury to most foes and up to half again as much damage against particularly
   susceptible opponents.
 d - a +2 great sword of holy wrath
Missiles
 O - 30 silver javelins (quivered)
Armour
 e - the +1 cloak "Xedoux" {*Drain MR++ Int+3 SInv}
   (You bought it in a shop on level 5 of the Vaults)

   It affects your intelligence (+3).
   It affects your resistance to hostile enchantments.
   It lets you see invisible.
   It causes draining when unequipped.
 h - a scarf of cloud immunity
 y - the +1 pair of boots of the Unseen Realm (worn) {rF+ Int+3 Slay+5}
   (You found it on level 6 of the Lair of Beasts)

   It affects your intelligence (+3).
   It affects your accuracy and damage with ranged weapons and melee attacks
   (+5).
   It protects you from fire.
 A - +8 gold dragon scales (worn)
 D - the +2 pair of gloves of Impatience {rN+ rCorr SInv}
   (You found it on level 2 of the Snake Pit)

   It protects you from negative energy.
   It lets you see invisible.
   It provides partial protection from all sources of acid and corrosion.
 L - a +0 large shield of fire resistance
 P - the +9 large shield of the Enchanted Forest (worn) {rElec Str+3}
   (You bought it in a shop on level 3 of the Elven Halls)

   It affects your strength (+3).
   It insulates you from electricity.
 R - a scarf of spirit shield (worn)
 Y - the +0 pair of gloves of the Unseen Realm (worn) {rElec rPois MR+++ Int-4}
   (Okawaru gifted it to you on level 4 of the Snake Pit)

   It affects your intelligence (-4).
   It insulates you from electricity.
   It protects you from poison.
   It affects your resistance to hostile enchantments.
Jewellery
 i - the amulet "Aplierya" {Spirit rPois rC++ Slay-2 Stlth+}
   (You found it on level 12 of the Dungeon)

   [amulet of guardian spirit]

   It causes incoming damage to be split between your health and magic.
   It affects your accuracy and damage with ranged weapons and melee attacks
   (-2).
   It greatly protects you from cold.
   It protects you from poison.
   It makes you more stealthy.
 m - an uncursed ring of flight
 q - an uncursed ring of positive energy
 F - the ring "Dauruen" {rElec rF+ EV+3 Int-3 Dex+4}
   (You found it on level 3 of the Elven Halls)

   [ring of evasion]

   It affects your evasion (+3).
   It affects your intelligence (-3).
   It affects your dexterity (+4).
   It protects you from fire.
   It insulates you from electricity.
 H - a ring of protection from cold (left hand)
 J - a +5 ring of protection (right hand)
 Q - the amulet of Gonuizxe {rPois Regen+ Str+3 SInv}
   (You found it on level 5 of the Vaults)

   [amulet of regeneration]

   It affects your strength (+3).
   It protects you from poison.
   It lets you see invisible.
   It increases your rate of regeneration.
 S - a +4 amulet of reflection (around neck)
 T - a ring of the Octopus King {rF+ AC+1 EV+1 Str+1 Int+1 Dex+1}
   (You found it on level 5 of the Vaults)

   [ring of protection from fire]

   It affects your AC (+1).
   It affects your evasion (+1).
   It affects your strength (+1).
   It affects your intelligence (+1).
   It affects your dexterity (+1).
   It protects you from fire.
Wands
 n - a wand of clouds (6)
 G - a wand of scattershot (6)
 M - a wand of acid (10)
Scrolls
 k - 26 scrolls of remove curse
 l - 7 scrolls of immolation
 o - 5 scrolls of identify
 p - 18 scrolls of fog
 z - 4 scrolls of magic mapping
 B - a scroll of fear
 I - 5 scrolls of amnesia
 N - a scroll of summoning
 W - 2 scrolls of holy word
Potions
 g - 10 potions of resistance
 j - 14 potions of heal wounds
 r - a potion of flight
 s - 21 potions of curing
 t - 13 potions of agility
 u - 4 potions of invisibility
 v - 2 potions of magic
 w - 6 potions of ambrosia
 x - 5 potions of might
 C - 2 potions of cancellation
 E - a potion of mutation
 U - 8 potions of brilliance
Comestibles
 f - 75 rations


   Skills:
 + Level 23.4(22.8) Fighting
 - Level 24.0(23.4) Long Blades
 * Level 15.9(15.3) Throwing
 + Level 23.3(22.7) Armour
 + Level 21.8(21.3) Dodging
 + Level 17.1(16.6) Shields
 - Level 15.0(14.5) Invocations


You had 26 spell levels left.
You didn't know any spells.
Your spell library contained the following spells:

 Spells                   Type           Power        Failure   Level  Hunger
 Animate Skeleton         Necr           N/A          97%         1    ##.....
 Apportation              Tloc           #.....       97%         1    ##.....
 Beastly Appendage        Tmut           #.....       97%         1    ##.....
 Confusing Touch          Hex            #.....       97%         1    ##.....
 Corona                   Hex            #......      97%         1    ##.....
 Flame Tongue             Conj/Fire      #....        97%         1    ##.....
 Magic Dart               Conj           #...         97%         1    ##.....
 Pain                     Necr           #...         97%         1    ##.....
 Shock                    Conj/Air       #...         97%         1    ##.....
 Sting                    Conj/Pois      #...         97%         1    ##.....
 Summon Butterflies       Summ           #.......     97%         1    ##.....
 Summon Small Mammal      Summ           #...         97%         1    ##.....
 Call Imp                 Summ           #.......     99%         2    ###....
 Corpse Rot               Necr           N/A          99%         2    ###....
 Ensorcelled Hibernation  Hex/Ice        #.....       99%         2    ###....
 Passwall                 Tmut/Erth      #.......     99%         2    ###....
 Poisonous Vapours        Pois/Air       #.....       99%         2    ###....
 Searing Ray              Conj           #.....       99%         2    ###....
 Slow                     Hex            #.......     99%         2    ###....
 Sticks to Snakes         Tmut           #.......     99%         2    ###....
 Sublimation of Blood     Necr           #.........   99%         2    ###....
 Swiftness                Chrm/Air       #.......     99%         2    ###....
 Throw Flame              Conj/Fire      #.....       99%         2    ###....
 Throw Frost              Conj/Ice       #.....       99%         2    ###....
 Call Canine Familiar     Summ           #.......     100%        3    ####...
 Confuse                  Hex            #.......     100%        3    ####...
 Conjure Flame            Conj/Fire      #.......     100%        3    ####...
 Dazzling Spray           Conj/Hex       #.....       100%        3    ####...
 Gell's Gravitas          Tloc           #.........   100%        3    ####...
 Ignite Poison            Fire/Tmut/Pois #.......     100%        3    ####...
 Mephitic Cloud           Conj/Pois/Air  #.......     100%        3    ####...
 Recall                   Summ/Tloc      N/A          100%        3    ####...
 Regeneration             Chrm/Necr      #.........   100%        3    ####...
 Spider Form              Tmut/Pois      #.........   100%        3    ####...
 Static Discharge         Conj/Air       #.......     100%        3    ####...
 Stone Arrow              Conj/Erth      #.....       100%        3    ####...
 Summon Guardian Golem    Hex/Summ       #.......     100%        3    ####...
 Tukima's Dance           Hex            #.......     100%        3    ####...
 Vampiric Draining        Necr           #.........   100%        3    ####...
 Airstrike                Air            #.........   100%        4    #####..
 Animate Dead             Necr           N/A          100%        4    #####..
 Cause Fear               Hex            #.........   100%        4    #####..
 Force Lance              Conj/Tloc      #.......     100%        4    #####..
 Fulminant Prism          Conj/Hex       #.........   100%        4    #####..
 Ice Form                 Ice/Tmut       #.......     100%        4    #####..
 Iskenderun's Mystic Bla  Conj           #.......     100%        4    #####..
 Leda's Liquefaction      Hex/Erth       #.........   100%        4    #####..
 Olgreb's Toxic Radiance  Pois           #.......     100%        4    #####..
 Petrify                  Tmut/Erth      #.......     100%        4    #####..
 Sticky Flame             Conj/Fire      #.......     100%        4    #####..
 Summon Ice Beast         Ice/Summ       #.......     100%        4    #####..
 Summon Lightning Spire   Summ/Air       #.......     100%        4    #####..
 Agony                    Necr           #.......     100%        5    ######.
 Aura of Abjuration       Summ           #.........   100%        5    ######.
 Blade Hands              Tmut           #.........   100%        5    ######.
 Bolt of Draining         Conj/Necr      #.........   100%        5    ######.
 Bolt of Magma            Conj/Fire/Erth #.........   100%        5    ######.
 Borgnjor's Vile Clutch   Necr/Erth      #.........   100%        5    ######.
 Dispel Undead            Necr           #.......     100%        5    ######.
 Excruciating Wounds      Chrm/Necr      #.........   100%        5    ######.
 Fireball                 Conj/Fire      #.........   100%        5    ######.
 Irradiate                Conj/Tmut      #.........   100%        5    ######.
 Iskenderun's Battlesphe  Conj/Chrm      #.......     100%        5    ######.
 Lee's Rapid Deconstruct  Erth           #.........   100%        5    ######.
 Lightning Bolt           Conj/Air       #.........   100%        5    ######.
 Metabolic Englaciation   Hex/Ice        #.........   100%        5    ######.
 Silence                  Hex/Air        #.........   100%        5    ######.
 Summon Demon             Summ           #.........   100%        5    ######.
 Summon Forest            Summ/Tloc      #.........   100%        5    ######.
 Summon Mana Viper        Hex/Summ       #.......     100%        5    ######.
 Venom Bolt               Conj/Pois      #.........   100%        5    ######.
 Yara's Violent Unravell  Hex/Tmut       #.........   100%        5    ######.
 Bolt of Cold             Conj/Ice       #.........   100%        6    #######
 Bolt of Fire             Conj/Fire      #.........   100%        6    #######
 Conjure Ball Lightning   Conj/Air       #.........   100%        6    #######
 Darkness                 Hex            #.........   100%        6    #######
 Death Channel            Necr           #.........   100%        6    #######
 Deflect Missiles         Chrm/Air       #.........   100%        6    #######
 Freezing Cloud           Conj/Ice/Air   #.........   100%        6    #######
 Hydra Form               Tmut           #.........   100%        6    #######
 Invisibility             Hex            #.......     100%        6    #######
 Iron Shot                Conj/Erth      #.........   100%        6    #######
 Poison Arrow             Conj/Pois      #.........   100%        6    #######
 Shadow Creatures         Summ           N/A          100%        6    #######
 Simulacrum               Ice/Necr       #.........   100%        6    #######
 Statue Form              Tmut/Erth      #........    100%        6    #######
 Dragon Form              Tmut           #.........   100%        7    #######
 Malign Gateway           Summ/Tloc      #.........   100%        7    #######
 Monstrous Menagerie      Summ           #.........   100%        7    #######
 Orb of Destruction       Conj           #.........   100%        7    #######
 Ring of Flames           Chrm/Fire      #.........   100%        7    #######
 Spellforged Servitor     Conj/Summ      #.........   100%        7    #######
 Summon Greater Demon     Summ           #.........   100%        7    #######
 Summon Hydra             Summ           #.........   100%        7    #######
 Chain Lightning          Conj/Air       #.........   100%        8    #######
 Discord                  Hex            #.........   100%        8    #######
 Ignition                 Fire           #.........   100%        8    #######
 Lehudib's Crystal Spear  Conj/Erth      #.........   100%        8    #######
 Summon Horrible Things   Summ           #.........   100%        8    #######
 Fire Storm               Conj/Fire      #.........   100%        9    #######
 Glaciate                 Conj/Ice       #.........   100%        9    #######
 Shatter                  Erth           #.........   100%        9    #######
 Tornado                  Air            #.........   100%        9    #######
 Blink                    Tloc           Unusable     N/A         2    N/A
 Passage of Golubria      Tloc           Unusable     N/A         4    N/A

Dungeon Overview and Level Annotations

Branches:
Dungeon (15/15)            Temple (1/1) D:6            Lair (6/6) D:8
 Shoals (4/4) Lair:3        Snake (4/4) Lair:3        Slime (5/5) Lair:5
    Orc (2/2) D:9             Elf (3/3) Orc:2        Vaults (5/5) D:13
  Crypt (1/3) Vaults:3     Depths (5/5) D:15            Zot (5/5) Depths:5
 Bailey (visited)         Volcano (visited)          WizLab (visited)

Altars:
Ashenzari
Cheibriados
Dithmenos
Elyvilon
Fedhas
Gozag
Hepliaklqana
Kikubaaqudgha
Makhleb
Nemelex Xobeh
Okawaru
Qazlal
Ru
Sif Muna
Trog
Uskayaw
Vehumet
Wu Jian
Xom
Yredelemnul
Zin
The Shining One
Beogh
Jiyva
Lugonu

Shops:
D:5 (   D:6 *   D:11 ?   D:12 *   D:14 *   D:15 (   Orc:1 *?[   Orc:2 (:(:(
Elf:3 [*(   Shoals:2 !   Vaults:1 %   Vaults:5 [[   Depths:5 (

Portals:
Hell: Depths:1 Depths:2 Depths:3 Depths:4 Depths:5
Abyss: Depths:2 Depths:4
Pandemonium: Depths:1 Depths:3 Depths:5
Ziggurat: Depths:4

Annotations:
D:6 2 transporters, Hiru's ghost, novice MiBe
Elf:1 6 runed translucent doors
Elf:2 3 runed translucent doors
Depths:5 3 runed translucent doors


Innate Abilities, Weirdness & Mutations

You cannot be hasted, slowed, berserked, paralysed or teleported.
You can dig through walls and to a lower floor.
Your four strong arms can wield two-handed weapons with a shield.
You have a pair of large antennae on your head. (SInv)
You have large cloven feet.
You are partially covered in icy blue scales. (AC +2)
Your body sometimes deteriorates upon taking damage.
You are somewhat resistant to further mutation.
Your system is resistant to poisons. (rPois)
You are robust. (+10% HP)
You occasionally shout uncontrollably at your foes.
Potions are less effective at restoring your health.


Message History

(D) Dungeon (T) Temple (L) Lair (A) Shoals (P) Snake Pit (M) Slime Pits (O) Orcish Mines (E) Elven Halls (V) Vaults (C) Crypt (U) Depths (H) Hell (Z) Zot
Where to? (Enter - D:1 @ (x,y), ? - help)
What level of the Dungeon? (default 1, ? - help) Magic restored.
You see here a +4 scythe of flaming.
There is a stone staircase leading up here.
You climb upwards.
There is a stone staircase leading down here.
Okay, then.
There is a stone staircase leading down here.
Your hands slow down.
You feel like a meek peon again.
Unknown command.
You open the door.
There is an open door here.
There is a staircase leading out of the dungeon here.
You have escaped!

...##..........# ##.#
...##...########♣#♣ #.#
+#........## ♣♣♣#.♣# #.##
.#####.....##♣≈♣.#.♣♣##♣#..#
.###.....#♣♣............♣#.#
...#.#...# #...........###.#
##.#.#...# ♣..#######..♣ #.#
...#.###.###..#....P#{{♣♣#.#
.###.#...♣#...'.@...#...♣#.#
...#.#.#.♣.#..#.....#..♣.♣.#
.....#.#.♣♣...'....P#...≈..#
.....#.#.#♣♣..#.....#..###.##
.....#.#.##≈..#######..≈≈#..#
.....#.#.##♣...........♣###.#
.....#...#♣#...........♣ #.#
.....###...♣♣♣♣#.#.♣##♣# ##.#
............≈♣ ♣..♣♣ #..#


There were no monsters in sight!

Vanquished Creatures
  the Royal Jelly (Slime:5)
  8 ancient liches
  Mennas (Vaults:4)
  11 orbs of fire
  A juggernaut (Depths:2)
  6 Killer Klowns
  5 caustic shrikes (Depths:4)
  Margery (Depths:2)
  4 curse toes
  8 golden dragons
  Nikola (Shoals:1)
  The ghost of Xoxuyhes the Phalangite, a veteran MfGl of Okawaru (Vaults:4)
  the Enchantress (Depths:5)
  A Tzitzimitl (Depths:3)
  A Brimstone Fiend (Depths:5)
  4 electric golems
  A hellephant (Depths:5)
  A Hell Sentinel (Depths:5)
  2 liches
  26 Orb Guardians
  An Ice Fiend (Depths:5)
  15 tentacled monstrosities
  A kraken (Shoals:3)
  18 quicksilver dragons
  2 Executioners
  3 titans
  20 acid blobs
  2 deep elf blademasters (Elf:3)
  3 tentacled starspawn
  Gastronok (Lair:3)
  Polyphemus (Shoals:3)
  3 death cobs
  6 sphinxes
  11 shadow dragons
  38 large abominations
  Roxanne (Shoals:1)
  6 tengu reavers
  10 nagarajas
  2 draconian monks
  Ilsuiw (Shoals:3)
  11 azure jellies
  8 storm dragons
  7 draconian scorchers
  16 frost giants
  5 deep elf sorcerers
  A corrupter (D:3)
  6 fire giants
  23 vault wardens
  4 cacodemons
  3 draconian knights
  4 ghost moths
  A black sun (D:3)
  6 draconian shifters
  Aizul (Shoals:1)
  3 balrugs
  A deep elf elementalist (Vaults:5)
  An orc warlord (Vaults:4)
  3 draconian stormcallers
  An iron dragon (Depths:2)
  5 draconian annihilators
  2 vampire knights
  The ghost of avis the Severer, a journeyman HOMo of Beogh (Shoals:1)
  2 war gargoyles (Vaults:5)
  19 ironheart preservers
  19 very ugly things
  2 reapers
  4 spriggan defenders (Depths:4)
  11 stone giants
  4 black draconians
  7 green draconians
  28 purple draconians
  7 deep elf demonologists
  7 spark wasps
  6 red draconians
  8 white draconians
  5 deep elf annihilators
  9 statues (WizLab)
  9 deep elf death magi
  4 yellow draconians
  Snorg (Lair:5)
  4 merfolk javelineers
  10 fire dragons
  5 merfolk impalers
  3 blizzard demons
  14 ettins
  6 deep elf high priests
  A fire dragon (shapeshifter) (Vaults:4)
  6 death oozes (Slime:5)
  9 yaktaur captains
  19 ogre magi
  7 ice dragons
  10 great orbs of eyes
  11 naga warriors
  36 vault guards
  The ghost of MigBeach the Spear-Bearer, a journeyman MfBe of Trog (Orc:1)
  7 death knights
  8 hydras
  The ghost of QazlalStormbringer the Blocker, a novice TrFi of Cheibriados (D:9)
  A catoblepas (Shoals:3)
  6 merfolk avatars
  6 rakshasas
  11 centaur warriors
  7 spriggan air magi
  44 two-headed ogres
  A satyr (Shoals:4)
  2 alligator snapping turtles (Shoals:4)
  6 merfolk aquamancers
  12 deep troll earth magi
  11 deep troll shamans
  9 anacondas
  4 death yaks (Shoals:3)
  15 dancing weapons
  Urug (D:10)
  6 thrashing horrors
  2 spriggan berserkers (Depths:4)
  18 hell knights
  6 shock serpents
  8 tengu warriors
  An orc high priest (Orc:2)
  8 naga sharpshooters
  A fire crab (D:13)
  15 deep elf knights
  6 sun demons (Depths:5)
  A shadow wraith (Vaults:3)
  A wretched star (Abyss:2)
  A fire crab (shapeshifter) (Vaults:2)
  6 iron trolls
  A spatial maelstrom (Abyss:3)
  5 sixfirhies (Abyss:1)
  4 salamander mystics
  10 skeletal warriors
  A deep troll (shapeshifter) (D:15)
  3 unseen horrors
  32 deep trolls
  An infernal demonspawn (D:14)
  2 shadow demons
  A swamp dragon (shapeshifter) (Vaults:5)
  21 sea snakes
  9 deep elf archers
  A torturous demonspawn (D:15)
  6 glowing orange brains
  5 flayed ghosts
  13 naga ritualists
  7 wizards
  2 anaconda skeletons (Volcano)
  An orange crystal statue (Zot:5)
  4 phantasmal warriors
  21 ironbrand convokers
  2 lindwurms (Lair:6)
  2 necromancers
  23 harpies
  2 shining eyes
  7 orc sorcerers
  64 deep elf magi
  A wolf spider zombie (D:15)
  12 mana vipers
  22 orc knights
  46 ugly things
  3 wolf spiders
  2 shining eyes (shapeshifter)
  20 salamanders
  8 cyclopes
  17 elephants
  11 manticores
  A moth of wrath (shapeshifter) (Elf:1)
  A manticore (shapeshifter) (Vaults:2)
  18 moths of wrath
  3 worldbinders (Abyss:2)
  2 guardian serpents (Snake:4)
  7 water nymphs
  9 vault sentinels
  A water nymph (shapeshifter) (Depths:3)
  3 eyes of devastation
  2 apocalypse crabs
  35 black mambas
  7 merfolk sirens
  A smoke demon (Abyss:3)
  An elephant (shapeshifter) (Depths:3)
  3 molten gargoyles (Elf:1)
  6 torpor snails
  21 naga magi
  2 orange demons (Abyss:3)
  10 spiny frogs
  6 gargoyles
  A rime drake (Lair:6)
  A rime drake (shapeshifter) (Vaults:4)
  7 ice devils
  41 yaktaurs
  6 freezing wraiths
  A yaktaur (shapeshifter) (Vaults:4)
  5 kobold demonologists
  3 tengu conjurers
  2 efreet
  An ancient zyme (Abyss:3)
  2 red devils
  6 komodo dragons
  A meliai (shapeshifter) (Vaults:5)
  2 hellwings (Depths:4)
  5 trolls
  The ghost of CowFu the Firebug, a novice DEFE of Vehumet (D:4)
  7 wind drakes
  3 jumping spiders (shapeshifter)
  A polar bear (Lair:5)
  3 harpy zombies (D:15)
  A queen bee (Lair:4)
  4 meliai
  33 merfolk
  A polar bear (shapeshifter) (D:13)
  3 tyrant leeches (Lair:6)
  A blink frog (shapeshifter) (Vaults:3)
  13 hornets
  57 slime creatures
  2 wind drakes (shapeshifter)
  11 dream sheep
  9 blink frogs
  13 hippogriffs
  A slime creature (shapeshifter) (D:13)
  2 hippogriffs (shapeshifter)
  A meliai zombie (D:14)
  9 raiju
  13 snapping turtles
  5 flying skulls
  4 air elementals
  Sigmund (D:5)
  6 spriggans
  3 wraiths
  A yak (shapeshifter) (D:15)
  2 tarantellas (shapeshifter)
  A spriggan (shapeshifter) (Elf:2)
  5 basilisks
  2 shadows
  12 water elementals
  4 wyverns
  5 fire elementals
  3 ynoxinuls
  2 fire bats (Depths:4)
  8 golden eyes
  28 yaks
  2 chaos spawn
  A golden eye (shapeshifter) (Vaults:4)
  A human (shapeshifter) (Abyss:1)
  A spatial vortex (Abyss:3)
  2 hungry ghosts
  2 neqoxecs
  2 acid dragons
  3 wargs
  67 nagas
  A naga (shapeshifter) (Vaults:3)
  16 water moccasins
  8 porcupines
  A floating eye (Depths:2)
  47 orc warriors
  A hornet zombie (D:10)
  8 eyes of draining
  6 ice beasts
  2 black bears
  5 sky beasts
  4 phantoms
  3 wolves (Lair:2)
  45 ogres
  18 boggarts
  14 centaurs
  7 crocodiles
  A crocodile (shapeshifter) (D:15)
  A gnoll sergeant (D:6)
  19 small abominations
  21 bullfrogs
  2 earth elementals
  A spectral warg (Orc:1)
  A wyvern skeleton (D:6)
  2 scorpions
  40 killer bees
  9 wights
  2 spectral ogres (Orc:1)
  5 electric eels
  A howler monkey (D:13)
  A troll skeleton (Volcano)
  A spriggan skeleton (Volcano)
  6 crimson imps
  5 centaur zombies
  3 bullfrog zombies
  2 quasits (Abyss:2)
  10 starcursed masses (Abyss:3)
  A human simulacrum (Vaults:1)
  2 bullfrog skeletons
  8 hounds
  40 orc wizards
  22 orc priests
  7 centaur skeletons
  6 jellies
  2 iron imps
  Jessica (D:2)
  4 iguanas
  2 spectral orcs (Orc:1)
  12 worker ants
  A naga skeleton (Volcano)
  A hound zombie (D:9)
  A hound skeleton (D:9)
  2 worker ant zombies
  4 gnolls (D:6)
  20 adders
  3 howler monkey skeletons
  3 shadow imps
  4 white imps
  An ufetubus (Abyss:2)
  An adder skeleton (D:9)
  2 dart slugs
  3 leopard geckos (D:4)
  90 orcs
  4 orc simulacra (Orc:1)
  2 ball pythons
  4 bats
  8 giant cockroaches
  13 goblins
  5 hobgoblins
  7 jackals
  12 kobolds
  11 quokkas
  8 frilled lizards
  A leopard gecko skeleton (D:4)
  A leopard gecko zombie (D:5)
  A quokka skeleton (D:7)
  5 rats
  A butterfly (Lair:3)
  2 crawling corpses
  A lurking horror (Abyss:1)
  2 plants (Lair:6)
  5 tentacles (Shoals:3)
2501 creatures vanquished.

Vanquished Creatures (collateral kills)
  A Killer Klown (Zot:5)
  An Orb Guardian (Zot:5)
  An azure jelly (Slime:5)
  A draconian stormcaller (Zot:5)
  A green draconian (Zot:5)
  A death ooze (Slime:5)
  A moth of wrath (Zot:5)
7 creatures vanquished.

Vanquished Creatures (others)
  2 deep elf master archers (Elf:3)
  A deep elf elementalist (Elf:3)
  2 stone giants
  A deep elf demonologist (Elf:3)
  3 yaktaur captains
  A centaur warrior (D:15)
  A two-headed ogre (Vaults:2)
  A deep troll shaman (Depths:4)
  5 deep elf archers
  A faun (Shoals:1)
  A cyclops (Shoals:2)
  4 deep elf magi
  11 yaktaurs
  A merfolk (Shoals:2)
  A golden eye (Slime:1)
  An ogre (Vaults:3)
  A boggart (Depths:3)
  6 centaurs
  An orc (Elf:1)
  2 fungi
  26 plants
  4 starspawn tentacles
  3 tentacles (Shoals:3)
80 creatures vanquished.

Grand Total: 2588 creatures vanquished

Notes
Turn   | Place    | Note
-------+----------+-------------------------------------------
     0 | D:1      | beep the Formicid Fighter began the quest for the Orb.
     0 | D:1      | Reached XP level 1. HP: 18/18 MP: 1/1
    98 | D:1      | Reached XP level 2. HP: 20/24 MP: 2/2
   206 | D:1      | Reached XP level 3. HP: 27/29 MP: 3/3
   672 | D:2      | Noticed Jessica
   676 | D:2      | Killed Jessica
   676 | D:2      | Reached skill level 1 in Dodging
   676 | D:2      | Reached XP level 4. HP: 37/37 MP: 4/4
   878 | D:2      | Found a sparkling altar of Nemelex Xobeh.
   992 | D:2      | Reached skill level 3 in Long Blades
  1024 | D:2      | Found a glowing golden altar of the Shining One.
  1108 | D:2      | Found a blossoming altar of Fedhas.
  1108 | D:2      | Found a burning altar of Makhleb.
  1517 | D:3      | Reached XP level 5. HP: 28/42 MP: 5/5
  2249 | D:3      | Reached XP level 6. HP: 42/48 MP: 6/6
  2358 | D:4      | Noticed an ogre
  2364 | D:4      | Killed an ogre
  2387 | D:4      | Reached skill level 4 in Long Blades
  2510 | D:4      | Reached XP level 7. HP: 35/55 MP: 7/7
  2521 | D:4      | Reached skill level 5 in Shields
  2581 | D:4      | Found a runed translucent door.
  2581 | D:4      | Noticed CowFu's ghost (novice DEFE)
  2648 | D:4      | Killed CowFu's ghost
  2648 | D:4      | Reached skill level 5 in Long Blades
  2826 | D:4      | Reached skill level 5 in Fighting
  2826 | D:4      | Reached XP level 8. HP: 51/62 MP: 8/8
  2833 | D:4      | Found a stormy altar of Qazlal.
  2988 | D:5      | Entered Level 5 of the Dungeon
  3043 | D:5      | Reached skill level 5 in Armour
  3258 | D:5      | Noticed Sigmund
  3271 | D:5      | Killed Sigmund
  3271 | D:5      | Reached skill level 6 in Long Blades
  3286 | D:5      | Found Nour Moha's Weapon Shoppe.
  3565 | D:5      | Reached XP level 9. HP: 66/69 MP: 9/9
  3698 | D:5      | Found a bloodstained altar of Trog.
  3698 | D:5      | Found a white marble altar of Elyvilon.
  3764 | D:6      | Found an ancient bone altar of Kikubaaqudgha.
  3806 | D:5      | Bought a +3 scimitar of draining for 338 gold pieces
  3881 | D:6      | Found a transporter.
  3994 | D:6      | Found a staircase to the Ecumenical Temple.
  4003 | Temple   | Entered the Ecumenical Temple
  4057 | Temple   | Became a worshipper of Warmaster Okawaru
  4192 | D:6      | Reached skill level 7 in Long Blades
  4192 | D:6      | Reached skill level 1 in Invocations
  4759 | D:6      | Noticed Hiru's ghost (novice MiBe)
  4759 | D:6      | Identified the +1 great mace "Fohama" {freeze, Dex+6}
  4767 | D:6      | Found a transporter.
  4808 | D:6      | Found Xittafeb's Assorted Antiques.
  4811 | D:6      | Bought a scroll labeled LIUMEE XECAEV for 20 gold pieces
  4985 | D:7      | Reached * piety under Okawaru
  5010 | D:6      | Bought a scroll labeled QELIOL ZYCA for 20 gold pieces
  5207 | D:7      | Reached XP level 10. HP: 74/77 MP: 11/11
  5866 | D:8      | Found a staircase to the Lair.
  6084 | D:8      | Reached skill level 8 in Long Blades
  6412 | Lair:1   | Entered Level 1 of the Lair of Beasts
  6545 | Lair:1   | Noticed a komodo dragon
  6553 | Lair:1   | Killed a komodo dragon
  6553 | Lair:1   | Reached ** piety under Okawaru
  6562 | Lair:1   | Reached skill level 5 in Dodging
  6630 | Lair:1   | Reached *** piety under Okawaru
  6816 | Lair:1   | Reached skill level 9 in Long Blades
  6855 | Lair:1   | Noticed a spiny frog
  6864 | Lair:1   | Killed a spiny frog
  6864 | Lair:1   | Reached XP level 11. HP: 59/84 MP: 14/14
  7121 | Lair:1   | Got a wavering glass ring
  7474 | Lair:2   | Reached skill level 5 in Invocations
  7479 | Lair:2   | Reached **** piety under Okawaru
  7908 | Lair:2   | Reached skill level 10 in Long Blades
  7909 | Lair:2   | Found an ancient bone altar of Kikubaaqudgha.
  7923 | Lair:2   | Identified the cursed ring "Wonumav" {Str+2 Dex-3} (You
                  | found it on level 1 of the Lair of Beasts)
  7969 | Lair:2   | Reached ***** piety under Okawaru
  8062 | Lair:2   | Noticed a seven-headed hydra
  8473 | Lair:3   | Noticed an elephant
  8475 | Lair:3   | Noticed an elephant
  8476 | Lair:3   | Noticed an elephant
  8478 | Lair:3   | Noticed an elephant
  8483 | Lair:3   | Killed an elephant
  8502 | Lair:3   | Killed an elephant
  8515 | Lair:3   | Killed an elephant
  8519 | Lair:3   | Killed an elephant
  8562 | Lair:3   | Reached XP level 12. HP: 75/94 MP: 15/15
  8718 | Lair:3   | Received a gift from Okawaru
  8727 | Lair:3   | Got a blackened large shield {god gift}
  8731 | Lair:3   | Found a staircase to the Shoals.
  8759 | Lair:3   | Found a staircase to the Snake Pit.
  8759 | Lair:3   | Noticed Gastronok
  8847 | Lair:4   | Found the +3 hat of Pondering {ponderous, MR+ MP+10 Int+5}
  9074 | Lair:4   | Identified the +0 large shield "Piucso" {rN+ Str+2}
                  | (Okawaru gifted it to you on level 3 of the Lair of Beasts)
  9134 | Lair:3   | Killed Gastronok
  9134 | Lair:3   | Reached skill level 11 in Long Blades
  9428 | Lair:3   | Reached skill level 10 in Shields
  9976 | D:9      | Noticed a two-headed ogre
  9983 | D:9      | Killed a two-headed ogre
  9995 | D:9      | Found a runed translucent door.
  9996 | D:9      | Noticed QazlalStormbringer's ghost (novice TrFi)
 10075 | D:9      | Found a staircase to the Orcish Mines.
 10673 | D:9      | Killed QazlalStormbringer's ghost
 10708 | Orc:1    | Entered Level 1 of the Orcish Mines
 10711 | Orc:1    | Found Woenox's General Store.
 10960 | Orc:1    | Bought a potion of invisibility for 112 gold pieces
 11128 | Orc:1    | Reached XP level 13. HP: 79/101 MP: 16/16
 11169 | Orc:1    | Found a runed translucent gate.
 11169 | Orc:1    | Found a runed translucent gate.
 11169 | Orc:1    | Found a runed translucent gate.
 11183 | Orc:1    | Noticed MigBeach's ghost (journeyman MfBe)
 11223 | Orc:1    | Killed MigBeach's ghost
 11244 | Orc:1    | Received a gift from Okawaru
 11247 | Orc:1    | Got a steaming great sword {god gift}
 11248 | Orc:1    | Identified the +3 great sword "Imeomp" {flame, rPois rN+
                  | Stlth+} (Okawaru gifted it to you on level 1 of the Orcish
                  | Mines)
 11499 | Lair:2   | Killed a three-headed hydra
 11959 | Lair:4   | Reached skill level 12 in Long Blades
 11980 | Lair:4   | Reached skill level 10 in Fighting
 12096 | Lair:4   | Reached skill level 10 in Armour
 12749 | Lair:5   | Received a gift from Okawaru
 12777 | Lair:5   | Found a dark tunnel.
 12814 | Lair:5   | Reached skill level 1 in Throwing
 12843 | Lair:5   | Received a gift from Okawaru
 12870 | Volcano  | Entered a volcano
 13124 | Volcano  | Received a gift from Okawaru
 13575 | Lair:5   | Reached XP level 14. HP: 108/111 MP: 14/17
 13602 | Lair:5   | Reached skill level 13 in Long Blades
 13656 | Lair:5   | Noticed Snorg
 13665 | Lair:5   | Killed Snorg
 13734 | Lair:5   | Found a staircase to the Slime Pits.
 14300 | Lair:6   | Entered Level 6 of the Lair of Beasts
 14477 | Lair:6   | Got a pair of dazzling boots
 14501 | Lair:6   | Identified the +1 pair of boots of the Unseen Realm {rF+
                  | Int+3 Slay+5} (You found it on level 6 of the Lair of
                  | Beasts)
 15106 | Lair:6   | Found a runed translucent door.
 15127 | Lair:6   | Received a gift from Okawaru
 15515 | Orc:2    | Entered Level 2 of the Orcish Mines
 15515 | Orc:2    | Found a staircase to the Elven Halls.
 15546 | Orc:2    | Found Mewilyce's Weapon Boutique.
 15940 | Orc:2    | Received a gift from Okawaru
 15958 | Orc:2    | Received a gift from Okawaru
 16216 | Orc:2    | Found Lepucs's Book Shop.
 16216 | Orc:2    | Found Ibroan's Antique Weapon Shop.
 16217 | Orc:2    | Found Teblocrey's Weapon Boutique.
 16223 | Orc:2    | Found Awyast's Book Boutique.
 16338 | Orc:1    | Reached XP level 15. HP: 112/119 MP: 18/18
 16355 | Orc:1    | Found Gobovoad's Armour Shoppe.
 16363 | Orc:1    | Bought a +2 plate armour of cold resistance for 480 gold
                  | pieces
 16394 | Orc:1    | Found Wicw's Magic Scroll Shop.
 16410 | Orc:1    | Bought a scroll of identify for 26 gold pieces
 16410 | Orc:1    | Bought a scroll of summoning for 123 gold pieces
 16410 | Orc:1    | Bought a scroll of identify for 26 gold pieces
 16410 | Orc:1    | Bought a scroll of enchant armour for 97 gold pieces
 16410 | Orc:1    | Bought a scroll of enchant armour for 97 gold pieces
 16564 | D:10     | Entered Level 10 of the Dungeon
 16858 | D:10     | Noticed Urug
 16868 | D:10     | Killed Urug
 17017 | D:10     | Reached skill level 14 in Long Blades
 17346 | D:10     | Found a roughly hewn altar of Beogh.
 18006 | D:11     | Found a flagged portal.
 18013 | Bailey   | Entered a bailey
 18108 | Bailey   | Reached skill level 5 in Throwing
 18434 | D:11     | Found a glowing golden altar of the Shining One.
 18900 | D:11     | Found a shadowy altar of Dithmenos.
 18955 | D:11     | Found Okkug's Magic Scroll Shoppe.
 18959 | D:11     | Bought a scroll of identify for 26 gold pieces
 18959 | D:11     | Bought a scroll of identify for 26 gold pieces
 18959 | D:11     | Bought a scroll of identify for 26 gold pieces
 18959 | D:11     | Bought a scroll of fog for 26 gold pieces
 18959 | D:11     | Bought a scroll of fog for 26 gold pieces
 18959 | D:11     | Bought a scroll of fear for 45 gold pieces
 18959 | D:11     | Bought a scroll of enchant weapon for 97 gold pieces
 19245 | D:12     | Received a gift from Okawaru
 19726 | D:12     | Got a flickering ruby amulet
 19727 | D:12     | Identified the amulet "Aplierya" {Spirit rPois rC++ Slay-2
                  | Stlth+} (You found it on level 12 of the Dungeon)
 20019 | D:12     | Found Tebouj's Elemental Accessories.
 20559 | D:13     | Reached skill level 10 in Dodging
 20654 | D:13     | Reached XP level 16. HP: 50/127 MP: 2/20
 20944 | D:13     | Noticed a storm dragon
 20959 | D:13     | Killed a storm dragon
 21125 | D:13     | Identified the +5 falchion of the Equator {slice, rElec
                  | SInv Stlth+} (You found it on level 13 of the Dungeon)
 21225 | D:13     | Received a gift from Okawaru
 21317 | D:13     | Found a gate to the Vaults.
 21435 | D:14     | Received a gift from Okawaru
 22111 | D:14     | Found a hide-covered altar of Uskayaw.
 22302 | D:14     | Found Puasun's Assorted Antiques.
 22450 | D:14     | Found a portal to a secret trove of treasure.
 22455 | Trove    | Entered a treasure trove
 22601 | Trove    | Got a brightly glowing dagger
 22614 | Trove    | Got a polished morningstar
 22827 | D:15     | Entered Level 15 of the Dungeon
 23010 | D:15     | Found a staircase to the Depths.
 23248 | D:15     | Found Xalykimo's Weapon Shop.
 23331 | D:15     | Reached XP level 17. HP: 122/135 MP: 19/22
 23334 | D:15     | Reached skill level 15 in Long Blades
 23462 | D:15     | Found a glowing silver altar of Zin.
 23790 | D:8      | Identified the cursed +3 dagger of Circularity {pierce,
                  | +Inv +Fly MP-9 Str+2 Dex+3} (You found it in a treasure
                  | trove)
 23866 | Snake:1  | Entered Level 1 of the Snake Pit
 24905 | Snake:2  | Got a pair of distressingly furry gloves
 24906 | Snake:2  | Identified the +2 pair of gloves of Impatience {rN+ rCorr
                  | SInv} (You found it on level 2 of the Snake Pit)
 24988 | Snake:2  | You fall into a shaft and drop 1 floor!
 26239 | Snake:3  | Received a gift from Okawaru
 26340 | Snake:3  | Reached XP level 18. HP: 145/145 MP: 23/23
 26372 | Snake:3  | Received a gift from Okawaru
 26794 | Snake:3  | Reached skill level 15 in Shields
 27171 | Snake:4  | Entered Level 4 of the Snake Pit
 27693 | Snake:4  | Received a gift from Okawaru
 27697 | Snake:4  | Got a pair of faintly humming gloves {god gift}
 27704 | Snake:4  | Identified the +0 pair of gloves of the Unseen Realm {rElec
                  | rPois MR+++ Int-4} (Okawaru gifted it to you on level 4 of
                  | the Snake Pit)
 27854 | Snake:4  | Reached skill level 16 in Long Blades
 28254 | Snake:4  | Reached skill level 17 in Long Blades
 28395 | Snake:4  | Received a gift from Okawaru
 28544 | Snake:4  | Reached XP level 19. HP: 151/151 MP: 21/24
 28933 | Snake:4  | Got a serpentine rune of Zot
 29091 | Shoals:1 | Entered Level 1 of the Shoals
 29091 | Shoals:1 | Identified Roxanne's Guide on Stones
 29091 | Shoals:1 | Noticed Roxanne
 29104 | Shoals:1 | Killed Roxanne
 29140 | Shoals:1 | Noticed Aizul
 29162 | Shoals:1 | Killed Aizul
 29188 | Shoals:1 | Found a runed translucent door.
 29195 | Shoals:1 | Noticed avis's ghost (journeyman HOMo)
 29210 | Shoals:1 | Killed avis's ghost
 29502 | Shoals:1 | Reached skill level 18 in Long Blades
 29503 | Shoals:1 | Noticed Nikola
 29520 | Shoals:1 | Killed Nikola
 29902 | Shoals:2 | Found Laifiro's Distillery.
 29934 | Shoals:2 | Bought a potion of heal wounds for 70 gold pieces
 29934 | Shoals:2 | Bought a potion of heal wounds for 70 gold pieces
 29934 | Shoals:2 | Bought a potion of heal wounds for 70 gold pieces
 29934 | Shoals:2 | Bought a potion of heal wounds for 70 gold pieces
 29934 | Shoals:2 | Bought a potion of might for 56 gold pieces
 29934 | Shoals:2 | Bought a potion of ambrosia for 112 gold pieces
 29934 | Shoals:2 | Bought a potion of curing for 42 gold pieces
 30064 | Shoals:2 | Received a gift from Okawaru
 30071 | Shoals:2 | Identified a +1 pair of boots of running (Okawaru gifted it
                  | to you on level 2 of the Shoals)
 30906 | Shoals:3 | Noticed Polyphemus
 30937 | Shoals:3 | Killed Polyphemus
 30970 | Shoals:3 | Noticed Ilsuiw
 31026 | Shoals:3 | Killed Ilsuiw
 31026 | Shoals:3 | Reached skill level 19 in Long Blades
 31062 | Shoals:3 | Reached XP level 20. HP: 133/158 MP: 25/25
 31354 | Shoals:4 | Entered Level 4 of the Shoals
 31446 | Shoals:4 | Identified the +5 rapier of Gogefofu {drain, Str+4} (You
                  | found it on level 4 of the Shoals)
 31658 | Shoals:4 | Received a gift from Okawaru
 31698 | Shoals:4 | Got a barnacled rune of Zot
 32004 | Shoals:4 | Received a gift from Okawaru
 32456 | Shoals:4 | Received a gift from Okawaru
 32778 | Vaults:1 | Entered Level 1 of the Vaults
 32845 | Vaults:1 | Received a gift from Okawaru
 32909 | Vaults:1 | Reached skill level 20 in Long Blades
 33164 | Vaults:1 | Received a gift from Okawaru
 33481 | Vaults:1 | Reached XP level 21. HP: 142/164 MP: 26/26
 33634 | Vaults:1 | Found Hinioliza's Food Shop.
 33836 | Vaults:1 | Reached skill level 15 in Dodging
 34909 | Vaults:2 | Received a gift from Okawaru
 35257 | Vaults:2 | Reached ****** piety under Okawaru
 36148 | Vaults:3 | Reached skill level 21 in Long Blades
 36467 | Vaults:3 | Reached XP level 22. HP: 173/173 MP: 22/29
 36689 | Vaults:3 | Received a gift from Okawaru
 36836 | Vaults:3 | Reached skill level 10 in Invocations
 36840 | Vaults:3 | Received a gift from Okawaru
 37097 | Vaults:3 | Reached skill level 15 in Fighting
 37307 | Vaults:3 | Received a gift from Okawaru
 37316 | Vaults:3 | Reached skill level 15 in Armour
 37342 | Vaults:3 | Received a gift from Okawaru
 37453 | Vaults:3 | Found a staircase to the Crypt.
 37453 | Vaults:3 | Found a basalt altar of Yredelemnul.
 37454 | Vaults:3 | Found an ancient bone altar of Kikubaaqudgha.
 37805 | Crypt:1  | Entered Level 1 of the Crypt
 38075 | Vaults:4 | Received a gift from Okawaru
 38091 | Vaults:4 | Reached XP level 23. HP: 176/182 MP: 28/30
 38095 | Vaults:4 | Reached skill level 22 in Long Blades
 38224 | Vaults:4 | Noticed Mennas
 38258 | Vaults:4 | Killed Mennas
 38901 | Vaults:4 | Found a runed translucent door.
 38901 | Vaults:4 | Noticed Xoxuyhes's ghost (veteran MfGl)
 39227 | Vaults:4 | Killed Xoxuyhes's ghost
 39541 | Depths:1 | Entered Level 1 of the Depths
 40005 | Depths:1 | Found a one-way gate leading to the halls of Pandemonium.
 40005 | Depths:1 | Found a gateway to Hell.
 40118 | Depths:1 | Received a gift from Okawaru
 40182 | Depths:1 | You fall into a shaft and drop 1 floor!
 40269 | Depths:2 | Identified the ring of Lenist {Ice rPois Int+4 Dex+5}
 40326 | Depths:2 | Noticed Margery
 40340 | Depths:2 | Killed Margery
 40340 | Depths:2 | Received a gift from Okawaru
 40486 | Depths:2 | Found a one-way gate to the infinite horrors of the Abyss.
 40825 | Depths:2 | Noticed a juggernaut
 40873 | Depths:2 | Killed a juggernaut
 40899 | Depths:2 | Reached XP level 24. HP: 192/192 MP: 25/30
 41540 | Depths:3 | Reached skill level 23 in Long Blades
 41654 | Depths:3 | Found a runed translucent door.
 41671 | Depths:3 | Received a gift from Okawaru
 41801 | Depths:3 | Received a gift from Okawaru
 41811 | Depths:3 | Identified the +1 scimitar "Estrailok" {slice, MR+ Stlth+}
                  | (Okawaru gifted it to you on level 3 of the Depths)
 42345 | Depths:4 | Noticed a caustic shrike
 42345 | Depths:4 | Noticed a caustic shrike
 42356 | Depths:4 | Noticed a caustic shrike
 42366 | Depths:4 | Killed a caustic shrike
 42368 | Depths:4 | Killed a caustic shrike
 42381 | Depths:4 | Killed a caustic shrike
 42381 | Depths:4 | Received a gift from Okawaru
 42382 | Depths:4 | Noticed a caustic shrike
 42387 | Depths:4 | Killed a caustic shrike
 42407 | Depths:4 | Noticed a caustic shrike
 42418 | Depths:4 | Killed a caustic shrike
 42446 | Depths:4 | Reached XP level 25. HP: 185/201 MP: 29/30
 42768 | Depths:4 | Found a gateway to a ziggurat.
 43043 | Depths:4 | Found a corrupted altar of Lugonu.
 43211 | Depths:5 | Entered Level 5 of the Depths
 43222 | Depths:5 | Received a gift from Okawaru
 43223 | Depths:5 | Identified the +2 cloak of Xeba {+Blink} (Okawaru gifted it
                  | to you on level 5 of the Depths)
 43268 | Depths:5 | Reached skill level 24 in Long Blades
 43313 | Depths:5 | Noticed the Enchantress
 43328 | Depths:5 | Killed the Enchantress
 43443 | Depths:5 | Found Ivuqu's Antique Weapon Emporium.
 43469 | Depths:5 | Found a gate to the Realm of Zot.
 43552 | Depths:5 | Found a runed translucent gate.
 43562 | Depths:5 | Found a runed translucent gate.
 43562 | Depths:5 | Found a runed translucent gate.
 43564 | Depths:5 | Found the +2 Maxwell's thermic engine {flame, freeze}
 43564 | Depths:5 | Found a runed translucent gate.
 43564 | Depths:5 | Found a runed translucent gate.
 43564 | Depths:5 | Found a runed translucent gate.
 43618 | Depths:5 | Found a magical portal.
 43760 | WizLab   | Reached XP level 26. HP: 204/211 MP: 16/30
 43920 | WizLab   | Received a gift from Okawaru
 44111 | WizLab   | Identified Iskenderun's Reference Book on Blows and Bruises
 44111 | WizLab   | Identified Iskenderun's Handbook of Confrontation
 44126 | WizLab   | Identified the Papyrus of Boosting Envenoming
 44296 | Depths:5 | Found the +2 cloak of the Thief {+Fog Slay-2 SInv Stlth+}
 45079 | Elf:1    | Entered Level 1 of the Elven Halls
 45216 | Elf:1    | Found a runed translucent gate.
 45216 | Elf:1    | Found a runed translucent gate.
 45216 | Elf:1    | Found a runed translucent gate.
 45216 | Elf:1    | Found a runed translucent gate.
 45216 | Elf:1    | Found a runed translucent gate.
 45219 | Elf:1    | Found a runed translucent gate.
 46505 | Elf:2    | Found a runed translucent gate.
 46505 | Elf:2    | Found a runed translucent gate.
 46515 | Elf:2    | Found a runed translucent gate.
 46665 | Elf:3    | Entered Level 3 of the Elven Halls
 46681 | Elf:3    | Received a gift from Okawaru
 46765 | Elf:3    | Found Gybuu's Weapon Shoppe.
 46765 | Elf:3    | Found Nour Moha's General Store.
 47094 | Elf:3    | Found Kalatz's Armour Boutique.
 47097 | Elf:3    | Bought the +9 large shield of the Enchanted Forest {rElec
                  | Str+3} for 837 gold pieces
 47746 | Elf:3    | Found the cursed +13 scythe of Curses {drain, *Curse}
 47748 | Elf:3    | Received a gift from Okawaru
 47750 | Elf:3    | Identified the +6 halberd of the Real Monster {flame, +Fly}
 47759 | Elf:3    | Reached XP level 27. HP: 222/222 MP: 31/31
 47809 | Elf:3    | Identified the cursed +3 long sword "Mupryifi" {antimagic,
                  | +Fly rElec rF- Int+5} (You found it on level 3 of the Elven
                  | Halls)
 47822 | Elf:3    | Gained mutation: Scrolls take you a little longer to read.
                  | [a cacodemon]
 47875 | Elf:3    | Lost mutation: Scrolls take you a little longer to read.
                  | [potion of mutation]
 47875 | Elf:3    | Gained mutation: Your magical capacity is low. (-10% MP)
                  | [potion of mutation]
 47875 | Elf:3    | Gained mutation: You are clumsy. (Dex -2) [potion of
                  | mutation]
 47875 | Elf:3    | Gained mutation: Your body sometimes deteriorates upon
                  | taking damage. [potion of mutation]
 47875 | Elf:3    | Gained mutation: Your system is resistant to poisons.
                  | (rPois) [potion of mutation]
 47876 | Elf:3    | Lost mutation: Your body sometimes deteriorates upon taking
                  | damage. [potion of mutation]
 47876 | Elf:3    | Lost mutation: You are clumsy. (Dex -2) [potion of
                  | mutation]
 47876 | Elf:3    | Lost mutation: Your magical capacity is low. (-10% MP)
                  | [potion of mutation]
 47876 | Elf:3    | Gained mutation: You have large cloven feet. [potion of
                  | mutation]
 47876 | Elf:3    | Gained mutation: You are robust. (+10% HP) [potion of
                  | mutation]
 47876 | Elf:3    | Gained mutation: You are partially covered in icy blue
                  | scales. (AC +2) [potion of mutation]
 47911 | Elf:3    | Got a brightly glowing marble ring
 47912 | Elf:3    | Identified the ring "Dauruen" {rElec rF+ EV+3 Int-3 Dex+4}
                  | (You found it on level 3 of the Elven Halls)
 48722 | Slime:1  | Entered Level 1 of the Pits of Slime
 49262 | Slime:5  | Entered Level 5 of the Pits of Slime
 49649 | Slime:5  | Found a viscous altar of Jiyva.
 49652 | Slime:5  | Found the +8 whip "Snakebite" {curare, rPois}
 49653 | Slime:5  | Found the cursed +14 obsidian axe {chop, +Fly SInv *Curse}
 49705 | Slime:5  | Noticed the Royal Jelly
 49716 | Slime:5  | Killed the Royal Jelly
 49815 | Slime:5  | Got a slimy rune of Zot
 50609 | Depths:4 | Voluntarily entered the Abyss.
 50609 | Vaults:5 | Entered Level 5 of the Vaults
 50831 | Abyss:1  | Received a gift from Okawaru
 50871 | Zot:1    | Entered Level 1 of the Realm of Zot
 51157 | Abyss:2  | Found a corrupted altar of Lugonu.
 51568 | Abyss:3  | Got an abyssal rune of Zot
 51577 | Abyss:3  | Received a gift from Okawaru
 51688 | Abyss:3  | Gained mutation: You are somewhat resistant to further
                  | mutation. [a neqoxec]
 51808 | Depths:4 | Escaped the Abyss
 52168 | Vaults:5 | Entered Level 5 of the Vaults
 52206 | Vaults:5 | Received a gift from Okawaru
 52686 | Vaults:5 | Found Cemumoer's Antique Armour Shoppe.
 52764 | Vaults:5 | Got a silver rune of Zot
 52777 | Vaults:5 | Found Boaries's Antique Armour Boutique.
 52832 | Vaults:5 | Bought a pair of transparent gloves for 342 gold pieces
 52832 | Vaults:5 | Bought faintly glowing fire dragon scales for 2340 gold
                  | pieces
 52832 | Vaults:5 | Identified the +0 fire dragon scales of Gravitas {+Inv rF++
                  | rC- rCorr Str-4} (You bought it in a shop on level 5 of the
                  | Vaults)
 52835 | Vaults:5 | Identified the +2 pair of gloves of Finimn {rElec} (You
                  | bought it in a shop on level 5 of the Vaults)
 52940 | Vaults:5 | Reached skill level 10 in Throwing
 52961 | Vaults:5 | Received a gift from Okawaru
 53062 | Vaults:5 | Received a gift from Okawaru
 53319 | Vaults:5 | Noticed an ancient lich
 53329 | Vaults:5 | Killed an ancient lich
 53329 | Vaults:5 | Reached skill level 15 in Invocations
 53367 | Vaults:5 | Got a sparkling golden amulet
 53368 | Vaults:5 | Identified the amulet of Gonuizxe {rPois Regen+ Str+3 SInv}
                  | (You found it on level 5 of the Vaults)
 53528 | Vaults:5 | Found the ring of the Octopus King
 53530 | Vaults:5 | Found the +8 arc blade {discharge, rElec}
 53532 | Vaults:5 | Got a ring of the Octopus King
 53533 | Vaults:5 | Identified a ring of the Octopus King {rF+ AC+1 EV+1 Str+1
                  | Int+1 Dex+1} (You found it on level 5 of the Vaults)
 54166 | Zot:1    | Entered Level 1 of the Realm of Zot
 54251 | Zot:2    | Found a huge runed gate.
 54253 | Zot:2    | Found a huge runed gate.
 54254 | Zot:2    | Found a huge runed gate.
 54255 | Zot:2    | Found a huge runed gate.
 54256 | Zot:2    | Found a huge runed gate.
 54257 | Zot:2    | Found a huge runed gate.
 54258 | Zot:2    | Found a huge runed gate.
 54259 | Zot:2    | Found a huge runed gate.
 54259 | Zot:2    | Found a huge runed gate.
 54260 | Zot:2    | Found a huge runed gate.
 54260 | Zot:2    | Found a huge runed gate.
 54270 | Zot:2    | Found a huge runed gate.
 54270 | Zot:2    | Found a huge runed gate.
 54270 | Zot:2    | Found a huge runed gate.
 54270 | Zot:2    | Found a huge runed gate.
 54381 | Zot:2    | Noticed a Killer Klown
 54384 | Zot:2    | Received a gift from Okawaru
 54385 | Zot:2    | Noticed an orb of fire
 54385 | Zot:2    | Noticed an orb of fire
 54386 | Zot:2    | Noticed an orb of fire
 54395 | Zot:2    | Gained mutation: You occasionally shout uncontrollably at
                  | your foes. [an orb of fire]
 54397 | Zot:2    | Killed an orb of fire
 54408 | Zot:2    | Killed an orb of fire
 54408 | Zot:2    | Received a gift from Okawaru
 54418 | Zot:2    | Killed an orb of fire
 54427 | Zot:2    | Noticed a Killer Klown
 54432 | Zot:2    | Killed a Killer Klown
 54446 | Zot:2    | Killed a Killer Klown
 54476 | Zot:2    | Noticed an orb of fire
 54484 | Zot:2    | Killed an orb of fire
 54485 | Zot:2    | Received a gift from Okawaru
 54511 | Zot:2    | Noticed an orb of fire
 54515 | Zot:2    | Gained mutation: Your body sometimes deteriorates upon
                  | taking damage. [an orb of fire]
 54517 | Zot:2    | Killed an orb of fire
 54583 | Zot:2    | Identified Sif Muna's Almanac of Creative Conjuration
 55281 | Vaults:5 | Bought a pitted cloak for 342 gold pieces
 55281 | Vaults:5 | Identified the +1 cloak "Xedoux" {*Drain MR++ Int+3 SInv}
                  | (You bought it in a shop on level 5 of the Vaults)
 56031 | Zot:2    | Noticed a Killer Klown
 56040 | Zot:2    | Killed a Killer Klown
 56040 | Zot:2    | Received a gift from Okawaru
 56058 | Zot:2    | Received a gift from Okawaru
 56093 | Zot:2    | Received a gift from Okawaru
 56227 | Zot:3    | Noticed an orb of fire
 56336 | Zot:3    | Killed an orb of fire
 56603 | Zot:3    | Received a gift from Okawaru
 56807 | Zot:4    | Received a gift from Okawaru
 56813 | Zot:4    | Identified the +5 demon blade "Kahig" {freeze, Int+2}
                  | (Okawaru gifted it to you on level 4 of the Realm of Zot)
 56870 | Zot:5    | Entered Level 5 of the Realm of Zot
 57026 | Zot:5    | Noticed a Killer Klown
 57041 | Zot:5    | Killed a Killer Klown
 57315 | Zot:5    | Noticed an ancient lich
 57318 | Zot:5    | Received a gift from Okawaru
 57322 | Zot:5    | Killed an ancient lich
 57342 | Zot:5    | Noticed an ancient lich
 57348 | Zot:5    | Killed an ancient lich
 57359 | Zot:5    | Noticed an ancient lich
 57364 | Zot:5    | Killed an ancient lich
 57382 | Zot:5    | Noticed a Killer Klown
 57390 | Zot:5    | Noticed an ancient lich
 57394 | Zot:5    | Noticed an orb of fire
 57396 | Zot:5    | Killed an ancient lich
 57398 | Zot:5    | Killed an orb of fire
 57398 | Zot:5    | Noticed an orb of fire
 57410 | Zot:5    | Killed an orb of fire
 57412 | Zot:5    | Killed a Killer Klown
 57469 | Zot:5    | Noticed an orb of fire
 57471 | Zot:5    | Noticed a Killer Klown
 57473 | Zot:5    | Noticed an orb of fire
 57480 | Zot:5    | Gained mutation: Potions are less effective at restoring
                  | your health. [an orb of fire]
 57481 | Zot:5    | Killed an orb of fire
 57484 | Zot:5    | Noticed an orb of fire
 57498 | Zot:5    | Killed an orb of fire
 57506 | Zot:5    | Noticed a Killer Klown
 57508 | Zot:5    | Noticed an ancient lich
 57511 | Zot:5    | Killed an orb of fire
 57515 | Zot:5    | Noticed an ancient lich
 57520 | Zot:5    | Noticed an ancient lich
 57526 | Zot:5    | Killed an ancient lich
 57526 | Zot:5    | Received a gift from Okawaru
 57526 | Zot:5    | Reached skill level 15 in Throwing
 57531 | Zot:5    | Killed an ancient lich
 57533 | Zot:5    | Killed a Killer Klown
 57536 | Zot:5    | Killed an ancient lich
 57591 | Zot:5    | Killed a Killer Klown
 57615 | Zot:5    | Got the Orb of Zot
 57641 | Zot:5    | Identified the +5 mace of Harmony {drain, *Contam rPois
                  | Int+3} (Okawaru gifted it to you on level 5 of the Realm of
                  | Zot)
 57655 | Zot:5    | Received a gift from Okawaru
 58050 | D:15     | Received a gift from Okawaru
 58371 | D:$      | Escaped with the Orb!

Levels and vault maps discovered:
D:1:      saegor_arrival_under_anarchy, layout_basic
D:2:      layout_loops_ring, lemuel_doored_altar,
          gammafunk_temple_overflow_wave, nicolae_tso_swordbearing_angel,
          uniq_jessica
D:3:      layout_rooms, dk_vineyard_3
D:4:      layout_rooms, marbit_many_paths, first_ration,
          ebering_ghost_inner_flame
D:5:      layout_rooms, amethyst_overflow_temple_binary, serial_shops, shop,
          minmay_fractal_squares_diagonal_5, uniq_sigmund
D:6:      layout_loops_ring, kiku_gazebo_pond_becter,
          minmay_temple_entry_stoned_glass, serial_shops, kennysheep_mini,
          gammafunk_ghost_smash
D:7:      layout_basic, grunt_ogre_cave
D:8:      layout_basic, lair_entry_dummy
D:9:      minmay_bloctagon, layout_basic, orc_0_dummy, ebering_ghost_inner_flame
D:10:     layout_layer_cave, special_room [special_room_orc], uniq_urug
D:11:     layout_basic, basic_altar, enter_bailey_3, serial_shops,
          nicolae_shop_stone, lemuel_centaur_altar
D:12:     minmay_the_grid_3x2 [minmay_the_grid_diamond_grid,
          minmay_the_grid_minigrid_small, minmay_the_grid_doors,
          minmay_the_grid_garden, minmay_the_grid_minigrid_large,
          minmay_the_grid_prize_trominoes], layout_loops_ring, serial_undead,
          serial_undead_b, serial_undead_c, serial_undead_c, serial_undead_e,
          nicolae_elemental_shop
D:13:     minmay_tearing_corner, layout_rooms, lightli_vaults_fourway_checkpoint
D:14:     kennysheep_scales, layout_cave_pools, basic_altar, serial_shops, shop,
          kennysheep_flooded_box, enter_trove_6, kennysheep_generic_room_11
D:15:     gammafunk_enter_depths_forms, layout_basic, zin_angel, serial_shops,
          shop_fountains
Temple:   eino_wide_crystal_templ
Lair:1:   layout_chaotic_city, serial_bayou_crossing
Lair:2:   layout_long_grid, basic_altar
Lair:3:   layout_roguey, elwin_shoals_entry_rocks, guppyfry_snake_entry_island,
          wad_woods_02, lemuel_fruit_fields, uniq_gastronok
Lair:4:   layout_roguey [special_room_bee]
Lair:5:   layout_hall_layers, minmay_slime_entry_pillars, enter_volcano_4,
          uniq_snorg
Lair:6:   wormcave, layout_cave_pods, serial_bayou_pond_b
Shoals:1: layout_shoals, gammafunk_ghost_grave, uniq_nikola, uniq_roxanne,
          uniq_aizul
Shoals:2: layout_shoals, serial_shops, nicolae_shop_stone
Shoals:3: layout_shoals, uniq_ilsuiw, uniq_polyphemus
Shoals:4: shoals_end_simple, layout_shoals
Snake:1:  layout_basic
Snake:2:  layout_cave_town
Snake:3:  layout_chambers, serial_bayou_shore_b
Snake:4:  minmay_snake_end_coiled, layout_basic, serial_bayou_shore_a
Slime:1:  layout_caves
Slime:2:  layout_caves
Slime:3:  layout_caves
Slime:4:  layout_caves, nicolae_slime_barrier, nicolae_slime_phagocytosis
Slime:5
Orc:1:    layout_caves, serial_shops, nicolae_shop_trees, shop, shop,
          gammafunk_ghost_necromancy
Orc:2:    st_orc_mages, layout_caves, serial_shops, shop
Elf:1:    mu_elemental_laboratory, layout_gridlike, hangedman_elf_disciples,
          orc_legates
Elf:2:    layout_geoelf_diagonals
Elf:3:    elf_hall, layout_onion_city, serial_shops, shop, due_unseen_surprise,
          minmay_shoptagon
Vaults:1: nicolae_vaults_quadrants, nicolae_vaults_theta, v_pattern_5,
          nicolae_vaults_angled_halls, vaults_room_mumra_shop_pool,
          vaults_dpeg_encased_lava, nicolae_vaults_theta, vaults_dpeg_cross,
          layout_vaults_omnigrid
Vaults:2: hangedman_vaults_trim, ontoclasm_vaults_bender, vaults_room_octagon,
          v_rooms_1, vaults_dpeg_doors, vaults_mumra_hexcomb,
          ontoclasm_vaults_spin, vaults_room_semicircle, grunt_vaults_funnel,
          nicolae_vaults_shelves_hall, layout_vaults_chaotic_city
Vaults:3: ontoclasm_vaults_tryst, minmay_crypt_entry_necro_gods,
          nicolae_vaults_what_the_h, nicolae_vaults_network_quinsquares
          [nicolae_vaults_network_quincunx_subvault,
          nicolae_vaults_network_quincunx_subvault,
          nicolae_vaults_network_quincunx_subvault,
          nicolae_vaults_network_quincunx_subvault], v_alt_pattern_5,
          grunt_vaults_diagonal, vaults_dpeg_ring, nicolae_vaults_octagons,
          nicolae_vaults_arrows, nicolae_vaults_stairing_the_circle,
          v_alt_pattern_3, nicolae_vaults_diagonal_hallway_7, v_misc_23,
          hangedman_vaults_variations, nicolae_vaults_little_squares_5,
          layout_vaults_omnibox
Vaults:4: gammafunk_vaults_ghost_grave, v_misc_17,
          nicolae_vaults_ninety_degrees, nicolae_vaults_theta, v_misc_3,
          nicolae_vaults_little_squares_3, vaults_room_pools, v_misc_33,
          ontoclasm_vaults_ring_square, grunt_vaults_twisty,
          ontoclasm_vaults_chip, nicolae_vaults_fighting_squares,
          nicolae_vaults_alarming, nicolae_vaults_ring_of_whatevers,
          vaults_room_pool, layout_vaults_omnicross, uniq_mennas
Vaults:5: serial_shops
Crypt:1:  layout_chaotic_city, nicolae_crypt_ancient_font, uniq_khufu, uniq_jory
Depths:1: layout_cave_shapes, grunt_hell_entry_dis_grunt, pan_entry,
          serial_co_window_serial, co_window_corner_a, co_window_paths_b,
          co_window_corner_a, co_window_paths_a, co_window_corner_a,
          co_window_of_opportunity_b, co_window_corner_b,
          co_window_unsneaky_path_b, co_window_corner_cb, co_window_corner_b,
          co_window_unsneaky_path_e, co_window_cross_2, glass_columns_c,
          glass_columns_a, library_closet, nicolae_island_escapes
Depths:2: hangedman_cross_veins, layout_basic, grunt_metal_band, abyss_entry
Depths:3: minmay_gate_of_8, layout_gridville, nicolae_two_hexagons,
          pf_coc_iceberg, grunt_pan_entry_in_and_out
Depths:4: minmay_bloctagon_deflated, layout_cave_pools, enter_ziggurat_b,
          hellmouth_1, abyss_entry_flame_altar, chequers_serial_rivers_small_b
Depths:5: evilmike_zot_entry_diamond, layout_cave_pools, mu_enter_wizlab_2,
          serial_shops, shop, pan_entry, hell_entry,
          brannock_guarded_unrand_thermic_engine, uniq_enchantress
Zot:1:    layout_cathedral_of_symmetry
Zot:2:    cheibrodos_zot_enchanting_chambers, layout_onion_interference,
          door_vault
Zot:3:    layout_gridlike, st_stairs_11, kennysheep_underground_church
Zot:4:    layout_gridlike
Zot:5:    layout_gridlike

Skill      XL: |  1  2  3  4  5  6  7  8  9 10 11 12 13 14 15 16 17 18 19 20 21 22 23 24 25 26 27 |
---------------+----------------------------------------------------------------------------------+-----
Dodging        | 1 2 3 4 5 6 7 8 9 10 11 12 13 14 15 16 17 18 21 | 21.8
Shields        | 4 5 6 7 8 9 10 11 12 13 14 15 17 | 17.1
Long Blades    | 3 4 5 6 7 9 10 11 12 13 14 15 17 19 20 21 22 23 24 | 24.0
Fighting       | 4 5 6 7 8 9 10 11 12 13 14 15 16 17 18 19 23 | 23.4
Armour         | 4 5 6 7 8 9 10 11 12 13 14 15 16 17 18 19 23 | 23.3
Invocations    | 2 4 5 6 7 9 10 11 15 | 15.0
Throwing       | 2 4 6 7 15 | 15.9

Action                   |  1- 3 |  4- 6 |  7- 9 | 10-12 | 13-15 | 16-18 | 19-21 | 22-24 | 25-27 || total
-------------------------+-------+-------+-------+-------+-------+-------+-------+-------+-------++-------
Melee: Long sword        |    73 |   117 |   192 |       |       |       |       |       |       ||   382
       Dagger            |       |    43 |       |     4 |       |       |       |       |       ||    47
       Scimitar          |       |       |   115 |   526 |   307 |       |       |       |       ||   948
       Great sword       |       |       |       |     5 |   443 |    21 |       |       |    36 ||   505
       Double sword      |       |       |       |       |   351 |   225 |       |       |    73 ||   649
       Triple sword      |       |       |       |       |       |   807 |  1370 |  1144 |  2655 ||  5976
       Falchion          |       |       |       |       |       |    31 |       |       |       ||    31
Throw: Dart              |       |     1 |     3 |     3 |     6 |       |       |       |       ||    13
       Boomerang         |       |       |     1 |     3 |    12 |       |       |       |       ||    16
       Javelin           |       |       |       |       |     5 |    14 |     8 |    40 |   177 ||   244
Invok: Heroism           |       |       |       |    21 |    21 |    24 |    23 |    16 |    39 ||   144
       Finesse           |       |       |       |     1 |     5 |     3 |     5 |     6 |    18 ||    38
 Abil: Dig               |       |       |       |     3 |     4 |     2 |       |     2 |    23 ||    34
Evoke: Wand              |       |       |       |     2 |       |       |       |       |     4 ||     6
  Use: Scroll            |       |    11 |     9 |    12 |    14 |    26 |     4 |     5 |    42 ||   123
       Potion            |       |       |     3 |     1 |     3 |       |       |       |     5 ||    12
 Stab: Distracted        |       |       |       |       |       |       |       |       |     3 ||     3
  Eat: Chunk             |       |     5 |    10 |    13 |    15 |    10 |    18 |    17 |    17 ||   105
       Ration            |       |       |       |     2 |     5 |     5 |     4 |       |    13 ||    29
Armor: Scale mail        |    29 |    10 |       |       |       |       |       |       |       ||    39
       Chain mail        |       |    97 |   116 |   147 |   148 |       |       |       |       ||   508
       Skin              |       |       |    12 |       |       |       |       |       |       ||    12
       Plate armour      |       |       |       |       |   106 |   267 |   318 |   207 |   202 ||  1100
       Crystal plate arm |       |       |       |       |       |       |       |       |   234 ||   234
       Gold dragon scale |       |       |       |       |       |       |       |       |   281 ||   281
Dodge: Dodged            |    23 |    47 |    80 |   169 |   287 |   298 |   450 |   306 |   881 ||  2541
       Deflected         |       |       |       |       |       |    37 |    31 |       |       ||    68
Block: Shield            |    38 |    93 |   185 |   162 |       |       |       |       |       ||   478
       Large shield      |       |       |       |   188 |  1067 |  1419 |  1660 |  1120 |  3141 ||  8595
       Reflection        |       |       |       |       |    28 |   121 |   109 |    67 |   140 ||   465
       Rpst.: Long sword |     8 |    11 |    17 |       |       |       |       |       |       ||    36
       Scimitar          |       |       |     6 |    45 |    17 |       |       |       |       ||    68
       Great sword       |       |       |       |       |    43 |       |       |       |       ||    43
       Double sword      |       |       |       |       |    14 |    11 |       |       |     3 ||    28
       Triple sword      |       |       |       |       |       |    48 |    88 |    46 |   109 ||   291
       Falchion          |       |       |       |       |       |     1 |       |       |       ||     1

Table legend:
 A = Non-vault XP
 B = Vault XP
 C = Vault XP percentage of total XP
 D = Non-vault monster count
 E = Vault monster count
 F = Vault count percentage of total count
                 A         B        C        D         E       F
            +---------+---------+-------+---------+---------+-------
      Total |  888671 |  960954 |  52.0 |    1567 |     931 |  37.3
            +---------+---------+-------+---------+---------+-------
        D:1 |      47 |       0 |   0.0 |      26 |       0 |   0.0
        D:2 |      61 |      37 |  37.8 |      14 |       1 |   6.7
        D:3 |     148 |       0 |   0.0 |      30 |       0 |   0.0
        D:4 |     302 |     512 |  62.9 |      18 |       3 |  14.3
        D:5 |     531 |     383 |  41.9 |      19 |       4 |  17.4
        D:6 |    1338 |       0 |   0.0 |      23 |       0 |   0.0
        D:7 |     636 |     122 |  16.1 |      15 |       1 |   6.2
        D:8 |     415 |       0 |   0.0 |      11 |       0 |   0.0
        D:9 |    1890 |    1718 |  47.6 |      22 |      14 |  38.9
       D:10 |    1700 |    1059 |  38.4 |      25 |      17 |  40.5
       D:11 |    3496 |     463 |  11.7 |      25 |       8 |  24.2
       D:12 |    1772 |    5935 |  77.0 |      13 |      20 |  60.6
       D:13 |    6467 |   17748 |  73.3 |      20 |      31 |  60.8
       D:14 |   19120 |    1775 |   8.5 |      46 |       8 |  14.8
       D:15 |   16303 |    3988 |  19.7 |      36 |       8 |  18.2
     Lair:1 |    4467 |       0 |   0.0 |      21 |       0 |   0.0
     Lair:2 |    4539 |       0 |   0.0 |      20 |       0 |   0.0
     Lair:3 |    4273 |    3706 |  46.4 |      13 |       8 |  38.1
     Lair:4 |    4539 |    2608 |  36.5 |      13 |      27 |  67.5
     Lair:5 |    7682 |    1310 |  14.6 |      28 |       5 |  15.2
     Lair:6 |    7944 |    9031 |  53.2 |      25 |      22 |  46.8
   Shoals:1 |   10035 |    9464 |  48.5 |      22 |       4 |  15.4
   Shoals:2 |   20476 |       0 |   0.0 |      43 |       0 |   0.0
   Shoals:3 |   13432 |   10913 |  44.8 |      25 |      10 |  28.6
   Shoals:4 |   14582 |   19081 |  56.7 |      28 |      34 |  54.8
    Snake:1 |   18625 |       0 |   0.0 |      42 |       0 |   0.0
    Snake:2 |   18874 |       0 |   0.0 |      30 |       0 |   0.0
    Snake:3 |   17465 |       0 |   0.0 |      29 |       0 |   0.0
    Snake:4 |   36933 |   26746 |  42.0 |      72 |      46 |  39.0
    Slime:1 |    4633 |       0 |   0.0 |      11 |       0 |   0.0
    Slime:2 |    4340 |       0 |   0.0 |       3 |       0 |   0.0
    Slime:3 |    7137 |       0 |   0.0 |       3 |       0 |   0.0
    Slime:4 |    1082 |       0 |   0.0 |       3 |       0 |   0.0
    Slime:5 |   18687 |   33102 |  63.9 |      26 |      13 |  33.3
      Orc:1 |    2395 |    1411 |  37.1 |      26 |      11 |  29.7
      Orc:2 |    1139 |    4959 |  81.3 |       5 |      44 |  89.8
      Elf:1 |    5697 |   17040 |  74.9 |       9 |      39 |  81.2
      Elf:2 |   17999 |    1826 |   9.2 |      30 |       2 |   6.2
      Elf:3 |   17312 |   34118 |  66.3 |      32 |      25 |  43.9
   Vaults:1 |   42688 |   13900 |  24.6 |      84 |      20 |  19.2
   Vaults:2 |   29605 |   12844 |  30.3 |      56 |      20 |  26.3
   Vaults:3 |   28900 |   62621 |  68.4 |      58 |      95 |  62.1
   Vaults:4 |   30173 |   39802 |  56.9 |      42 |      32 |  43.2
   Vaults:5 |   19007 |  145981 |  88.5 |      30 |      91 |  75.2
   Depths:1 |   23821 |      39 |   0.2 |      24 |       1 |   4.0
   Depths:2 |   14688 |   39581 |  72.9 |      14 |      24 |  63.2
   Depths:3 |   49431 |   13093 |  20.9 |      68 |       9 |  11.7
   Depths:4 |   86021 |   15372 |  15.2 |      71 |      13 |  15.5
   Depths:5 |   26564 |   40949 |  60.7 |      29 |      31 |  51.7
      Zot:1 |   19391 |       0 |   0.0 |      10 |       0 |   0.0
      Zot:2 |   78711 |  115295 |  59.4 |      37 |      45 |  54.9
      Zot:3 |   28666 |   11402 |  28.5 |      12 |       5 |  29.4
      Zot:4 |   10102 |       0 |   0.0 |       7 |       0 |   0.0
      Zot:5 |   40021 |  180346 |  81.8 |      29 |      42 |  59.2
    Abyss:1 |   11018 |       0 |   0.0 |      18 |       0 |   0.0
    Abyss:2 |   11037 |       0 |   0.0 |      29 |       0 |   0.0
    Abyss:3 |   20314 |   21205 |  51.1 |      47 |      45 |  48.9
     Bailey |       0 |    5436 | 100.0 |       0 |       9 | 100.0
    Volcano |       0 |    4756 | 100.0 |       0 |      13 | 100.0
     WizLab |       0 |   29277 | 100.0 |       0 |      31 | 100.0
            +---------+---------+-------+---------+---------+-------
